 Dungeon Crawl Stone Soup version 0.31-a0-182-gc5ef74bbde (webtiles) character file.

Game seed: 2010151879036799550

8 qw the Shield-Bearer (level 2, -7/19 HPs)
             Began as a Gargoyle Fighter on June 20, 2023.
             Mangled by Sigmund
             ... wielding a +0 scythe
              (10 damage)
             ... on level 2 of the Dungeon.
             The game lasted 00:00:09 (742 turns).

qw the Shield-Bearer (Gargoyle Fighter)              Turns: 742, Time: 00:00:10

Health: -7/19      AC:  9    Str: 19    XL:     2   Next: 8%
Magic:  2/2        EV:  9    Int:  8    God:
Gold:   49         SH:  0    Dex:  9    Spells: 1/1 levels left

rFire   . . .        Y - +0 war axe
rCold   . . .        c - +0 buckler
rNeg    + . .        b - +0 scale mail
rPois   inf          (no helmet)
rElec   +            (no cloak)
rCorr   .            (no gloves)
SInv    .            (no boots)
Will    .....        (no amulet) Stlth
                     (no ring)
HPRegen 0.23/turn    (no ring)
MPRegen 0.08/turn

%: no passive effects
@: confused
A: sickness immunity, AC +2, negative energy resistance 1, electricity
resistance, torment resistance 1, petrification resistance
a: no special abilities


You were on level 2 of the Dungeon.
You visited 1 branch of the dungeon, and saw 2 of its levels.

You collected 49 gold pieces.


Innate Abilities, Weirdness & Mutations

You are immune to sickness and miasma.
Your stone body is resilient. (AC +2)
You are immune to poison.
You resist negative energy. (rN+)
You are resistant to electric shocks. (rElec)
You are resistant to unholy torment.
You are immune to petrification.


   Skills:
 - Level 3.2 Fighting
 + Level 2.5 Axes
 - Level 3.2 Armour
 - Level 3.2 Shields


You had one spell level left.
You didn't know any spells.
Your spell library was empty.

Inventory:

Hand Weapons
 Y - a +0 war axe (weapon)
Armour
 b - a +0 scale mail (worn)
 c - a +0 buckler (worn)
Potions
 d - a potion of might
 f - a potion of curing {unknown}

Dungeon Overview and Level Annotations

Branches:
Dungeon (2/15)

Altars:

Annotations:
D:2 Sigmund


Message History

You start resting.
HP restored.
Partly explored, can't reach some places.
(D) Dungeon
Where to? (* - list waypoints, Enter - D:2, ? - help)
What level of the Dungeon? (default 1, ? - help)
You climb downwards.
Level annotation: Sigmund
There is a stone staircase leading up here.
Sigmund is nearby!
An endoplasm comes into view.
The endoplasm quivers.
Sigmund hits you but does no damage.
You hit Sigmund.
Sigmund is lightly wounded.
Sigmund hits you but does no damage.
You hit Sigmund.
Sigmund is moderately wounded.
Sigmund gestures at you while chanting. The magic dart hits you.
You block Sigmund's attack.
You barely miss Sigmund.
Sigmund is moderately wounded.
You hit the endoplasm but do no damage.
The endoplasm hits you but does no damage.
Sigmund casts a spell at you.
You are confused.
The endoplasm hits you but does no damage.
Sigmund casts a spell.
Sigmund flickers and vanishes!
Deactivating autopickup; reactivate with Ctrl-A.
The endoplasm freezes you.
You are frozen.
Something hits you but does no damage. The endoplasm freezes you.
You are frozen.
The endoplasm jiggles.
The endoplasm barely misses you. Something hits you. The endoplasm freezes you.
You are frozen.
Something hits you!
Ouch! That really hurt!
You die...

##... ..... ....
#..# . #..#
...###..###
#....{...#
##J@#.####.#
#>...<.....#
.....>.#.%......
......#.######.##
..###...# # #.###
#. . ##


You could see an endoplasm.

Vanquished Creatures
  A goblin (D:1)
  3 jackals
  2 bats (D:1)
  A frilled lizard (D:1)
7 creatures vanquished.

Notes
Turn   | Place    | Note
-------+----------+-------------------------------------------
     0 | D:1      | qw the Gargoyle Fighter began the quest for the Orb.
     0 | D:1      | Reached XP level 1. HP: 14/14 MP: 1/1
     0 | D:1      | 0 ||| qw: Version: 0.3-a-9-g12657ce
     0 | D:1      | 0 ||| qw: Game counter: 1396
     0 | D:1      | 0 ||| qw: Always use a shield: true
     0 | D:1      | 0 ||| qw: God list: Okawaru
     0 | D:1      | 0 ||| qw: Allow faded altars: false
     0 | D:1      | 0 ||| qw: Do Orc after D:15 true
     0 | D:1      | 0 ||| qw: Do second Lair branch before Depths: true
     0 | D:1      | 0 ||| qw: Lair rune preference: random
     0 | D:1      | 0 ||| qw: Plans: Normal, Zot:1-4, Slime:5, God:TSO, Crypt,
                  | Tomb, Abyss, Pan, Hells, Win
     0 | D:1      | 0 ||| PLANNING D:1-11
    48 | D:1      | Found a faded altar of an unknown god.
   642 | D:1      | 642 ||| READING scroll labelled HULIZI QAIPIO.
   658 | D:2      | Noticed Sigmund
   661 | D:2      | Reached XP level 2. HP: 13/19 MP: 2/2
   661 | D:2      | 661 ||| STAIRDANCE
   663 | D:1      | HP: 3/19 [jackal (3)]
   742 | D:2      | HP: 3/19 [frozen (2)]
   742 | D:2      | Mangled by Sigmund

Levels and vault maps discovered:
D:1:      dpeg_arrival_lava_altar, layout_basic,
          hellmonk_ecumenical_altar_blasted
D:2:      layout_loops_ring, hangedman_feature_mirror, uniq_sigmund,
          uniq_crazy_yiuf_cottage

Skill      XL: |  1 |
---------------+----+-----
Axes           | 2 |  2.5
Fighting       | |  3.2
Armour         | |  3.2
Shields        | |  3.2

Action                     || total
---------------------------++-------
  Melee: War axe           ||    23
    Use: Scroll            ||     1
 Armour: Scale mail        ||    15
  Dodge: Dodged            ||     9
  Block: Buckler           ||     4

Table legend:
 A = Non-vault XP
 B = Vault XP
 C = Vault XP percentage of total XP
 D = Non-vault monster count
 E = Vault monster count
 F = Vault count percentage of total count
                 A         B        C        D         E       F
            +---------+---------+-------+---------+---------+-------
      Total |      12 |       0 |   0.0 |       7 |       0 |   0.0
            +---------+---------+-------+---------+---------+-------
        D:1 |       8 |       0 |   0.0 |       5 |       0 |   0.0
        D:2 |       4 |       0 |   0.0 |       2 |       0 |   0.0
            +---------+---------+-------+---------+---------+-------
